 Dungeon Crawl Stone Soup version 0.30-a0-1157-g2cc9ac7196 (webtiles) character file.

Game seed: 17658732157319853407

1590 NinjaNoafa the Envoy of Void (level 9, -2/66 HPs)
             Began as a Human Monk on Apr 24, 2023.
             Was a High Priest of Lugonu.
             Slain by a sky beast (5 damage)
             ... on level 6 of the Dungeon.
             The game lasted 00:15:19 (6337 turns).

NinjaNoafa the Envoy of Void (Human Monk)           Turns: 6337, Time: 00:15:19

Health: -2/66      AC:  4    Str: 13    XL:     9   Next: 15%
Magic:  14/14      EV: 18    Int: 14    God:    Lugonu [*****.]
Gold:   99         SH:  4    Dex: 15    Spells: 12/12 levels left

rFire   . . .        a - +0 falchion
rCold   . . .        y - +0 buckler
rNeg    + . .        d - +0 leather armour
rPois   .            r - +0 helmet
rElec   .            (no cloak)
rCorr   .            (no gloves)
SInv    .            (no boots)
Will    .....        (no amulet)
Stlth   +            g - ring of positive energy
HPRegen 0.31/turn    c - +5 ring of evasion
MPRegen 0.14/turn

%: no passive effects
@: no status effects
A: no striking features
a: Renounce Religion, Depart the Abyss, Banish, Corrupt, Enter the Abyss


You were on level 6 of the Dungeon.
You worshipped Lugonu.
Lugonu was extremely pleased with you.
You visited 2 branches of the dungeon, and saw 7 of its levels.
You also visited: Sewer.

You collected 401 gold pieces.
You spent 302 gold pieces at shops.

Inventory:

Hand Weapons
 a - a +0 falchion (weapon)
Missiles
 t - 4 javelins (quivered)
 v - 2 curare-tipped darts
 w - 14 poisoned darts
Armour
 d - a +0 leather armour (worn)
 r - a +0 helmet (worn)
 y - a +0 buckler (worn)
Jewellery
 c - a +5 ring of evasion (right hand)
 g - a ring of positive energy (left hand)
 h - a ring of resist corrosion
Wands
 m - a wand of acid (13)
 u - a wand of flame (9)
Scrolls
 b - a scroll of amnesia
 f - 2 scrolls of fog
 k - 2 scrolls of noise
 n - 2 scrolls of vulnerability
 p - 2 scrolls of teleportation
 q - 3 scrolls of fear
 x - 2 scrolls of summoning
Potions
 e - 2 potions of mutation
 j - 3 potions of brilliance
 o - 4 potions of flight
 s - a potion of curing
 z - a potion of haste
 A - a potion of invisibility {unknown}
 B - 2 potions of cancellation {unknown}
 C - a potion of might {unknown}


   Skills:
 - Level 4.7 Fighting
 - Level 5.4 Long Blades
 - Level 3.0 Throwing
 - Level 4.6 Dodging
 + Level 1.4 Shields
 - Level 2.0 Spellcasting
 - Level 6.7 Invocations
 - Level 3.0 Evocations


You had 12 spell levels left.
You didn't know any spells.
Your spell library contained the following spells:

 Spells                   Type           Power      Damage    Failure   Level
 Necrotise                Necr           4%         1d4       38%         1
 Poisonous Vapours        Pois/Air       2%         N/A       54%         2
 Mephitic Cloud           Conj/Pois/Air  1%         N/A       77%         3
 Vampiric Draining        Necr           1%         2d6       77%         3
 Agony                    Necr           1%         N/A       100%        5
 Freezing Cloud           Conj/Ice/Air   0%         6-21      100%        5
 Summon Forest            Summ/Tloc      0%         N/A       100%        5
 Eringya's Noxious Bog    Tmut/Pois      0%         N/A       100%        6
 Summon Hydra             Summ           0%         N/A       100%        7


Dungeon Overview and Level Annotations

Branches:
Dungeon (6/15)             Temple (1/1) D:6           Sewer (visited)

Altars:
Ashenzari
Cheibriados
Dithmenos
Elyvilon
Gozag
Hepliaklqana
Kikubaaqudgha
Makhleb
Nemelex Xobeh
Okawaru
Qazlal
Ru
Sif Muna
Trog
Uskayaw
Vehumet
Wu Jian
Xom
Yredelemnul
Zin
The Shining One
Lugonu

Annotations:
D:3 2 runed translucent doors, avangion's ghost, amateur GnCj
Abyss:1 Grinder


Message History

The sky beast misses you.
A kobold comes into view. It is wielding a +0 dagger.
You hit the sky beast but do no damage.
The sky beast is heavily wounded.
The sky beast flickers out of sight!
Deactivating autopickup; reactivate with Ctrl-A.
Something hits you.
* * * LOW HITPOINT WARNING * * *
Something shocks you.
* * * LOW HITPOINT WARNING * * *
Throw: 6 javelins
Press: ? - help, Q - select action, (/) - cycle Shift-Dir - straight line, f - kobold
Aim: a kobold, wielding a +0 dagger (55% to hit)
You throw a javelin. The javelin pierces through the kobold.
You kill the kobold!
Lugonu accepts your kill. Something hits you but does no damage.
Throw: 5 javelins
Press: ? - help, Q - select action, (/) - cycle Shift-Dir - straight line, f - you Really target yourself?
Okay, then.
Throw: 5 javelins
Press: ? - help, Q - select action, (/) - cycle Shift-Dir - straight line You throw a javelin.
You hear a shout!
Something barely misses you. Something hits you.
* * * LOW HITPOINT WARNING * * *
Something shocks you.
* * * LOW HITPOINT WARNING * * *
A kobold brigand comes into view.
It is wielding a +0 whip and quivering curare-tipped darts.
Unknown command.
Throw: 4 javelins
Press: ? - help, Q - select action, (/) - cycle Shift-Dir - straight line You can't see that place.
You can't see that place.
Okay, then.
Something hits you.
* * * LOW HITPOINT WARNING * * *
Something shocks you.
You die...

......#.. #.....#
......# #.....#
......# #.....#
###.....###
#..........
#..........
#...........
######+#...........
.......@..........
......{.........##
................#
.........$......#
.$..............#
................
.().............
#K(............


You could see a kobold brigand.

Vanquished Creatures
  A steam dragon (D:5)
  A water moccasin (D:4)
  A black bear (D:4)
  4 kobold brigands (Sewer)
  A scorpion (D:5)
  A howler monkey (D:5)
  3 hounds
  An orc priest (D:5)
  2 jellies
  An iguana (D:5)
  A sleepcap (D:5)
  Jessica (D:2)
  3 orc wizards (D:5)
  8 gnolls
  11 adders
  4 river rats (Sewer)
  2 shadow imps
  2 white imps
  An ufetubus (D:6)
  A worm (D:5)
  3 dart slugs
  9 orcs
  3 endoplasms
  A giant cockroach (D:2)
  3 hobgoblins
  13 kobolds
  8 quokkas
  16 ball pythons
  2 bats
  5 frilled lizards
  9 goblins
  19 rats
141 creatures vanquished.

Notes
Turn   | Place    | Note
-------+----------+-------------------------------------------
     0 | D:1      | NinjaNoafa the Human Monk began the quest for the Orb.
     0 | D:1      | Reached XP level 1. HP: 18/18 MP: 1/1
    93 | D:1      | Found Potuy's Magic Scroll Shop.
   158 | D:1      | Reached XP level 2. HP: 24/24 MP: 2/2
   334 | D:1      | Bought a scroll of noise for 11 gold pieces
   334 | D:1      | Bought a scroll of identify for 22 gold pieces
   596 | D:2      | Found a faded altar of an unknown god.
   600 | D:2      | Prayed at the altar of an unknown god.
   600 | D:2      | Became a worshipper of Lugonu the Unformed
   600 | D:2      | Reached * piety under Lugonu
   600 | D:2      | Reached ** piety under Lugonu
   615 | D:2      | Noticed Jessica
   620 | D:2      | Killed Jessica
   621 | D:2      | Reached XP level 3. HP: 26/29 MP: 3/3
  1124 | D:3      | Noticed Grinder
  1176 | D:3      | Reached XP level 4. HP: 32/35 MP: 4/4
  1187 | D:3      | Paralysed by Grinder for 2 turns
  1199 | D:3      | Paralysed by Grinder for 4 turns
  1323 | D:3      | Reached *** piety under Lugonu
  1377 | D:3      | Reached skill level 1 in Invocations
  1387 | D:3      | Reached skill level 1 in Spellcasting
  1729 | D:3      | HP: 1/35 [Grinder (2)]
  1730 | D:3      | Banished Grinder
  1731 | D:3      | Reached skill level 4 in Invocations
  1731 | D:3      | Reached XP level 5. HP: 2/41 MP: 1/8
  1731 | D:3      | Reached XP level 6. HP: 2/47 MP: 1/9
  1934 | D:3      | Found a stormy altar of Qazlal.
  2023 | D:3      | Found a large runed translucent door.
  2023 | D:3      | Found a large runed translucent door.
  2178 | D:3      | Noticed avangion's ghost (amateur GnCj)
  2329 | D:4      | Noticed a water moccasin
  2458 | D:4      | Killed a water moccasin
  2459 | D:4      | Reached skill level 5 in Invocations
  2459 | D:4      | Reached XP level 7. HP: 43/52 MP: 9/11
  2503 | D:4      | Reached skill level 6 in Invocations
  3149 | D:4      | Found a sacrificial altar of Ru.
  3610 | D:5      | Entered Level 5 of the Dungeon
  3645 | D:5      | Reached XP level 8. HP: 39/60 MP: 12/12
  3673 | D:5      | Reached **** piety under Lugonu
  3715 | D:5      | Found an opulent altar of Gozag.
  3959 | D:5      | Found a glowing drain.
  3976 | Sewer    | Entered a sewer
  4350 | Sewer    | Reached skill level 1 in Throwing
  4350 | Sewer    | Reached skill level 1 in Evocations
  4646 | Sewer    | Reached skill level 5 in Long Blades
  4948 | D:1      | Bought a scroll of fear for 44 gold pieces
  4948 | D:1      | Bought a scroll of summoning for 104 gold pieces
  4948 | D:1      | Bought a scroll of fog for 44 gold pieces
  4948 | D:1      | Bought a scroll of teleportation for 33 gold pieces
  4948 | D:1      | Bought a scroll of vulnerability for 44 gold pieces
  5429 | D:5      | Reached ***** piety under Lugonu
  5475 | D:5      | Reached XP level 9. HP: 13/66 MP: 12/14
  5800 | D:5      | HP: 3/66 [something (9)]
  6069 | D:6      | Found a staircase to the Ecumenical Temple.
  6082 | Temple   | Entered the Ecumenical Temple
  6287 | D:6      | Reached skill level 1 in Shields
  6337 | D:6      | HP: 3/66 [something (4)]
  6337 | D:6      | Slain by a sky beast

Illustrated notes

Levels and vault maps discovered:
D:1:      wander_arrival_lonely_grave, layout_basic, serial_shops, shop,
          nrook_loot_triangle
D:2:      layout_loops_ring, shapermc_ecumenical_altar_mp_vishouse, uniq_jessica
D:3:      layout_loops_corners, amcnicky_altar_gilded,
          ebering_ghost_disaster_area, uniq_grinder
D:4:      layout_loops_ring, lemuel_doored_altar,
          chequers_serial_rivers_micro_d, minmay_curled_crystal,
          minmay_snake_closets
D:5:      minmay_skewed_foursquare, layout_loops_ring, grunt_gozag_statues,
          cheibrodos_sewer_entry_drain, minmay_misc_feat_room, kennysheep_nub
D:6:      layout_gridville, minmay_temple_entry_mini_moons,
          minmay_misc_feat_encased
Temple:   eino_narrow_crystal_temple

Skill      XL: |  1  2  3  4  5  6  7  8  9 |
---------------+----------------------------+-----
Invocations    | 4 5 6 |  6.7
Spellcasting   | 2 |  2.0
Long Blades    | 4 5 |  5.4
Fighting       | 4 |  4.7
Dodging        | 4 |  4.6
Throwing       | 2 3 |  3.0
Evocations     | 2 3 |  3.0
Shields        | 1 |  1.4

Action                     |  1- 3 |  4- 6 |  7- 9 || total
---------------------------+-------+-------+-------++-------
  Melee: Falchion          |    48 |    76 |   379 ||   503
  Throw: Javelin           |       |       |    21 ||    21
 Invoke: Banish            |       |     1 |       ||     1
  Evoke: Wand              |       |       |     5 ||     5
    Use: Scroll            |       |     4 |     4 ||     8
         Potion            |       |     5 |     5 ||    10
 Armour: Robe              |     6 |    12 |       ||    18
         Ring mail         |       |     2 |    94 ||    96
         Chain mail        |       |       |    10 ||    10
         Leather armour    |       |       |     6 ||     6
  Dodge: Dodged            |    40 |    65 |   475 ||   580
  Block: Buckler           |       |       |    17 ||    17

Table legend: (Time is in decaauts)
 A = Elapsed time spent in this place.
 B = Non-inter-level travel time spent in this place.
 C = Inter-level travel time spent in this place.
 D = Time resting spent in this place.
 E = Time spent auto-exploring this place.
 F = Levels seen in this place.
 G = Mean time per level.
                   A        B        C        D        E       F      G
               +--------+--------+--------+--------+--------+-----+--------+
         Total |   6429 |   5534 |    895 |    820 |   3022 |   8 |  803.6 |
       Dungeon |   5309 |   4424 |    885 |    525 |   2521 |   6 |  884.8 |
        Temple |    185 |    175 |     10 |      0 |    165 |   1 |  185.0 |
         Sewer |    934 |    934 |      0 |    295 |    336 |   1 |  934.0 |
               +--------+--------+--------+--------+--------+-----+--------+

Top non-repeatable levels by time:
     D:3: 1676 daAuts
     D:5: 1228 daAuts
     D:4: 1092 daAuts
   Sewer: 934 daAuts
     D:2: 656 daAuts
     D:1: 569 daAuts
  Temple: 185 daAuts
     D:6: 86 daAuts
